3L
OAKLAND OAKS @ CHARLESTON BATTERY
09/17/2034
 
TOP OF THE 1ST
Oakland Oaks batting - Pitching for Charleston Battery : RHP Kyuichi Hori
Pitching: RHP Kyuichi Hori
Batting: RHB Yehonatan Chazan 0-0: Ball
1-0: Called Strike
1-1: Foul Ball, location: 2F
1-2: Foul Ball, location: 2F
1-2: Ball
2-2: Foul Ball, location: 2F
2-2: SINGLE (Flyball, 78S)
Batting: RHB Colin O'Connell 0-0: Ball
1-0: Foul Ball, location: 2F
1-1: Ball
2-1: Foul Ball, location: 2F
2-2: Ball
3-2: Fly out, F4 (Popup, 34D)
Batting: RHB Alfonso Nazario 0-0: Ball
Yehonatan Chazan steals 2nd base
1-0: Swinging Strike
1-1: Ball
2-1: Foul Ball, location: 2F
2-2: Ground out 6-3 (Groundball, 6)
Yehonatan Chazan to third
Batting: LHB Obidiah Lewis 0-0: Called Strike
0-1: Swinging Strike
0-2: Foul Ball, location: 2F
0-2: Strikes out looking
Top of the 1st over - 0 runs, 1 hit, 0 errors, 1 left on base; Oakland 0 - Charleston 0
BOTTOM OF THE 1ST
Charleston Battery batting - Pitching for Oakland Oaks : RHP Jeff Mahl
Pitching: RHP Jeff Mahl
Batting: LHB Joey Coco 0-0: Foul Ball, location: 2F
0-1: Ball
1-1: Ground out 6-3 (Groundball, 6M)
Batting: LHB Datu Lesaca 0-0: Called Strike
0-1: Ball
1-1: Ball
2-1: Ball
3-1: Foul Ball, location: 2F
3-2: Base on Balls
Batting: SHB Jasper Morrison 0-0: Ball
1-0: Swinging Strike
1-1: Foul Ball, location: 2F
1-2: Foul Ball, location: 2F
1-2: Ball
2-2: Strikes out swinging
Datu Lesaca is caught stealing 2nd base
Batter strikes out.
Bottom of the 1st over - 0 runs, 0 hits, 0 errors, 0 left on base; Oakland 0 - Charleston 0
TOP OF THE 2ND
Oakland Oaks batting - Pitching for Charleston Battery : RHP Kyuichi Hori
Batting: RHB Juan Alcocer 0-0: Ball
1-0: Called Strike
1-1: Foul Ball, location: 2F
1-2: Strikes out swinging
Batting: SHB Luis Luquín 0-0: Ball
1-0: Foul Ball, location: 2F
1-1: Foul Ball, location: 2F
1-2: Fly out, F7 (Line Drive, 7S)
Batting: RHB Armando Rodríguez 0-0: Ball
1-0: Fly out, F7 (Flyball, 7LD)
Top of the 2nd over - 0 runs, 0 hits, 0 errors, 0 left on base; Oakland 0 - Charleston 0
BOTTOM OF THE 2ND
Charleston Battery batting - Pitching for Oakland Oaks : RHP Jeff Mahl
Batting: LHB Spencer Powell 0-0: Called Strike
0-1: SINGLE (Groundball, 4MD)
Batting: RHB Paco Muñóz 0-0: Called Strike
0-1: Ball
1-1: Ball
2-1: Ball
3-1: Base on Balls
Spencer Powell to second
Batting: LHB Vicente Gonzáles 0-0: Foul Ball, location: 2F
0-1: Foul Ball, location: 2F
0-2: Foul Ball, location: 2F
0-2: Ball
1-2: Foul Ball, location: 2F
1-2: SINGLE (Line Drive, 8RS)
Spencer Powell to third
Paco Muñóz to second
Runner from 3rd tries for Home, SAFE, throw made home
Batting: RHB Luis Ríos 0-0: Ball
1-0: Called Strike
1-1: Foul Ball, location: 2F
1-2: Foul Ball, location: 2F
1-2: Grounds into double play, 6-4-3 (Groundball, 6)
Paco Muñóz to third
Batting: RHB Fernando Rivera 0-0: Fly out, F7 (Flyball, 78M)
Bottom of the 2nd over - 1 run, 2 hits, 0 errors, 1 left on base; Oakland 0 - Charleston 1
TOP OF THE 3RD
Oakland Oaks batting - Pitching for Charleston Battery : RHP Kyuichi Hori
Batting: RHB Mike Wazowski 0-0: Fly out, F7 (Flyball, 7LMF)
Batting: RHB Cristián Coronado 0-0: Ball
1-0: Ground out 1-3 (Groundball, P)
Batting: RHB Yehonatan Chazan 0-0: Ball
1-0: Fly out, F8 (Flyball, 8LD)
Top of the 3rd over - 0 runs, 0 hits, 0 errors, 0 left on base; Oakland 0 - Charleston 1
BOTTOM OF THE 3RD
Charleston Battery batting - Pitching for Oakland Oaks : RHP Jeff Mahl
Batting: RHB Jesús Ruano 0-0: Ball
1-0: Called Strike
1-1: Called Strike
1-2: SINGLE (Groundball, 4MD)
Batting: LHB Joey Coco 0-0: Ball
1-0: Ball
2-0: Fly out, F9 (Flyball, 9D)
Batting: LHB Datu Lesaca 0-0: Called Strike
0-1: TRIPLE (Groundball, 3L)
Jesús Ruano scores
Batting: SHB Jasper Morrison 0-0: Called Strike
0-1: Ball
1-1: Ball
2-1: Ball
Passed Ball!
Datu Lesaca scores
3-1: Called Strike
3-2: Base on Balls
Batting: LHB Spencer Powell 0-0: Ball
1-0: Foul Ball, location: 2F
1-1: Ball
2-1: SINGLE (Groundball, 4MD)
Jasper Morrison to second
Batting: RHB Paco Muñóz 0-0: Ball
1-0: Ball
2-0: Called Strike
2-1: Ball
3-1: Foul Ball, location: 2F
3-2: Base on Balls
Jasper Morrison to third
Spencer Powell to second
Batting: LHB Vicente Gonzáles 0-0: Ball
1-0: Ball
2-0: Grounds into double play, 3-6-3 (Groundball, 34)
Bottom of the 3rd over - 2 runs, 3 hits, 0 errors, 2 left on base; Oakland 0 - Charleston 3
TOP OF THE 4TH
Oakland Oaks batting - Pitching for Charleston Battery : RHP Kyuichi Hori
Batting: RHB Colin O'Connell 0-0: Ground out 6-3 (Groundball, 6)
Batting: RHB Alfonso Nazario 0-0: Swinging Strike
0-1: Called Strike
0-2: Foul Ball, location: 2F
0-2: Foul Ball, location: 2F
0-2: Ball
1-2: Ball
2-2: Ground out 6-3 (Groundball, 56)
Batting: LHB Obidiah Lewis 0-0: Ball
1-0: Called Strike
1-1: Fly out, F4 (Popup, 34D)
Top of the 4th over - 0 runs, 0 hits, 0 errors, 0 left on base; Oakland 0 - Charleston 3
BOTTOM OF THE 4TH
Charleston Battery batting - Pitching for Oakland Oaks : RHP Jeff Mahl
Batting: RHB Luis Ríos 0-0: Ball
1-0: Ball
2-0: Called Strike
2-1: Foul Ball, location: 2F
2-2: Foul Ball, location: 2F
2-2: Foul Ball, location: 2F
2-2: Ball
3-2: Foul Ball, location: 2F
3-2: Base on Balls
Batting: RHB Fernando Rivera 0-0: Ball
1-0: Ball
2-0: Foul Ball, location: 2F
2-1: Ball
3-1: Base on Balls
Luis Ríos to second
Batting: RHB Jesús Ruano 0-0: Called Strike
0-1: Fly out, F8 (Flyball, 8RS)
Batting: LHB Joey Coco 0-0: Grounds into double play, 4-6-3 (Groundball, 4)
Bottom of the 4th over - 0 runs, 0 hits, 0 errors, 1 left on base; Oakland 0 - Charleston 3
TOP OF THE 5TH
Oakland Oaks batting - Pitching for Charleston Battery : RHP Kyuichi Hori
Batting: RHB Juan Alcocer 0-0: Foul Ball, location: 2F
0-1: Ball
1-1: Foul Ball, location: 2F
1-2: Ball
2-2: Strikes out swinging
Batting: SHB Luis Luquín 0-0: Called Strike
0-1: Fly out, F8 (Flyball, 8RM)
Batting: RHB Armando Rodríguez 0-0: Called Strike
0-1: Ball
1-1: Ball
2-1: Foul Ball, location: 2F
2-2: Foul Ball, location: 2F
2-2: Strikes out looking
Top of the 5th over - 0 runs, 0 hits, 0 errors, 0 left on base; Oakland 0 - Charleston 3
BOTTOM OF THE 5TH
Charleston Battery batting - Pitching for Oakland Oaks : RHP Jeff Mahl
Batting: LHB Datu Lesaca 0-0: Called Strike
0-1: Ball
1-1: Called Strike
1-2: Ball
2-2: Strikes out swinging
Batting: SHB Jasper Morrison 0-0: Called Strike
0-1: Fly out, F6 (Popup, 6M)
Batting: LHB Spencer Powell 0-0: Ball
1-0: Ball
2-0: Swinging Strike
2-1: Swinging Strike
2-2: Foul Ball, location: 2F
2-2: Foul Ball, location: 2F
2-2: Ball
3-2: Foul Ball, location: 2F
3-2: Base on Balls
Pitching: RHP Miguel Cabañas
Batting: RHB Paco Muñóz 0-0: Called Strike
0-1: Ball
1-1: Ball
2-1: Ball
3-1: Foul Ball, location: 2F
3-2: Strikes out swinging
Bottom of the 5th over - 0 runs, 0 hits, 0 errors, 1 left on base; Oakland 0 - Charleston 3
TOP OF THE 6TH
Oakland Oaks batting - Pitching for Charleston Battery : RHP Kyuichi Hori
Batting: RHB Mike Wazowski 0-0: Ball
1-0: Swinging Strike
1-1: Swinging Strike
1-2: Ball
2-2: Strikes out swinging, 2-3 out at first.
Batting: RHB Cristián Coronado 0-0: Ball
1-0: Ball
2-0: Swinging Strike
2-1: Called Strike
2-2: SINGLE (Groundball, 4D)
Batting: RHB Yehonatan Chazan 0-0: SINGLE (Flyball, 7LS)
Cristián Coronado to second
Batting: RHB Colin O'Connell 0-0: Ball
1-0: Ball
2-0: Swinging Strike
2-1: Ball
3-1: DOUBLE (Line Drive, 7LM)
Cristián Coronado scores
Yehonatan Chazan to third
Batting: RHB Alfonso Nazario 0-0: Swinging Strike
0-1: Foul Ball, location: 2F
0-2: Ball
1-2: Strikes out swinging
Batting: LHB Obidiah Lewis 0-0: Ball
1-0: Foul Ball, location: 2F
1-1: SINGLE (Line Drive, 8RS)
Yehonatan Chazan scores
Colin O'Connell to third
Runner from 3rd tries for Home, SAFE, no throw
Pitching: RHP John Bailey
Batting: RHB Juan Alcocer 0-0: Foul Ball, location: 2F
0-1: Hit by Pitch
Obidiah Lewis to second
Batting: SHB Luis Luquín 0-0: Swinging Strike
0-1: Foul Ball, location: 2F
0-2: Ball
1-2: SINGLE (Line Drive, 34D)
Obidiah Lewis to third
Juan Alcocer to second
Runner from 3rd tries for Home, SAFE, throw made home
Batting: RHB Armando Rodríguez 0-0: Ball
1-0: Ball
2-0: Called Strike
2-1: Swinging Strike
2-2: Fielders Choice at 2nd, U6 (Groundball, 6M)
Top of the 6th over - 4 runs, 5 hits, 0 errors, 2 left on base; Oakland 4 - Charleston 3
BOTTOM OF THE 6TH
Charleston Battery batting - Pitching for Oakland Oaks : RHP Miguel Cabañas
Batting: LHB Vicente Gonzáles 0-0: Ball
1-0: Ball
2-0: Hit by Pitch
Batting: RHB Luis Ríos 0-0: Sac Bunt - play at first, batter OUT! 1-4
Vicente Gonzáles to second
Batting: RHB Fernando Rivera 0-0: Swinging Strike
0-1: Foul Ball, location: 2F
0-2: Strikes out swinging
Batting: RHB Jesús Ruano 0-0: Ball
1-0: Ball
2-0: Ball
3-0: Ground out 5-3 (Groundball, 5)
Bottom of the 6th over - 0 runs, 0 hits, 0 errors, 1 left on base; Oakland 4 - Charleston 3
TOP OF THE 7TH
Oakland Oaks batting - Pitching for Charleston Battery : RHP John Bailey
Batting: RHB Mike Wazowski 0-0: Called Strike
0-1: Foul Ball, location: 2F
0-2: SINGLE (Line Drive, 56)
Batting: RHB Cristián Coronado 0-0: Grounds into double play, 5-4-3 (Groundball, 5)
Batting: RHB Yehonatan Chazan 0-0: Ball
1-0: Ball
2-0: Ball
3-0: Called Strike
3-1: Base on Balls
Batting: RHB Colin O'Connell 0-0: Called Strike
0-1: Ball
1-1: Ball
2-1: Called Strike
Pickoff Throw to First - Error! E1
Yehonatan Chazan to second
2-2: Fly out, F6 (Popup, 6MD)
Top of the 7th over - 0 runs, 1 hit, 1 error, 1 left on base; Oakland 4 - Charleston 3
BOTTOM OF THE 7TH
Charleston Battery batting - Pitching for Oakland Oaks : RHP Miguel Cabañas
Batting: LHB Joey Coco 0-0: Ball
1-0: Ground out 3-1 (Groundball, 34)
Batting: LHB Datu Lesaca 0-0: Ball
1-0: Ball
2-0: Foul Ball, location: 2F
2-1: SINGLE (Groundball, 34D)
Batting: SHB Jasper Morrison 0-0: Ball
1-0: Ball
2-0: Grounds out, U3 (Groundball, 3L)
Batting: LHB Spencer Powell 0-0: Ball
1-0: Called Strike
1-1: Ball
2-1: Ball
3-1: Base on Balls
Batting: RHB Paco Muñóz 0-0: Called Strike
0-1: Called Strike
0-2: Foul Ball, location: 2F
0-2: Ball
1-2: Ball
2-2: Ball
Wild Pitch!
Datu Lesaca to third
Spencer Powell to second
3-2: Foul Ball, location: 2F
3-2: Ground out 1-3 (Groundball, 15S)
Bottom of the 7th over - 0 runs, 1 hit, 0 errors, 2 left on base; Oakland 4 - Charleston 3
TOP OF THE 8TH
Oakland Oaks batting - Pitching for Charleston Battery : RHP John Bailey
Batting: RHB Alfonso Nazario 0-0: Called Strike
0-1: Ball
1-1: Swinging Strike
1-2: Ball
2-2: Strikes out swinging
Batting: LHB Obidiah Lewis 0-0: Ball
1-0: Called Strike
1-1: Ball
2-1: SOLO HOME RUN (Line Drive, 9D), Distance : 376 ft
Batting: RHB Juan Alcocer 0-0: Swinging Strike
0-1: Fly out, F3 (Popup, 23F)
Batting: SHB Luis Luquín 0-0: Called Strike
0-1: Foul Ball, location: 2F
0-2: Strikes out swinging
Top of the 8th over - 1 run, 1 hit, 0 errors, 0 left on base; Oakland 5 - Charleston 3
BOTTOM OF THE 8TH
Charleston Battery batting - Pitching for Oakland Oaks : RHP Miguel Cabañas
Batting: LHB Vicente Gonzáles 0-0: Called Strike
0-1: Swinging Strike
0-2: Ball
1-2: Foul Ball, location: 2F
1-2: Strikes out swinging
Batting: RHB Luis Ríos 0-0: Fly out, F6 (Popup, 6MD)
Batting: RHB Fernando Rivera 0-0: Called Strike
0-1: Swinging Strike
0-2: Foul Ball, location: 2F
0-2: Ball
1-2: Foul Ball, location: 2F
1-2: Ball
2-2: Strikes out swinging
Bottom of the 8th over - 0 runs, 0 hits, 0 errors, 0 left on base; Oakland 5 - Charleston 3
TOP OF THE 9TH
Oakland Oaks batting - Pitching for Charleston Battery : RHP John Bailey
Pitching: RHP Hiroaki Kouda
Batting: RHB Armando Rodríguez 0-0: Fly out, F9 (Flyball, 9D)
Batting: RHB Mike Wazowski 0-0: Ball
1-0: Ball
2-0: Called Strike
2-1: Foul Ball, location: 2F
2-2: Fly out, F8 (Flyball, 8RD)
Batting: RHB Cristián Coronado 0-0: Foul Ball, location: 2F
0-1: Swinging Strike
0-2: Fly out, F4 (Line Drive, 4)
Top of the 9th over - 0 runs, 0 hits, 0 errors, 0 left on base; Oakland 5 - Charleston 3
BOTTOM OF THE 9TH
Charleston Battery batting - Pitching for Oakland Oaks : RHP Miguel Cabañas
Pitching: RHP Júlio Rodríguez
Batting: RHB Jesús Ruano 0-0: Called Strike
0-1: Ground out 6-3 (Groundball, 6)
Batting: LHB Joey Coco 0-0: Called Strike
0-1: Ball
1-1: Foul Ball, location: 2F
1-2: Foul Ball, location: 2F
1-2: Ball
2-2: Ball
3-2: Base on Balls
Batting: LHB Datu Lesaca 0-0: Ball
1-0: Ball
2-0: Fielders Choice at 2nd, 6-4 (Groundball, 6)
Batting: SHB Jasper Morrison 0-0: Foul Ball, location: 2F
0-1: Swinging Strike
0-2: Ball
1-2: Fielders Choice at 2nd, 5-4 (Groundball, 56)
Bottom of the 9th over - 0 runs, 0 hits, 0 errors, 1 left on base; Oakland 5 - Charleston 3
Friday, March 29th, 2019 - OOTP Baseball 18.8 Build 76